 Dungeon Crawl Stone Soup version 0.23.0-3-gf3c87f2 (webtiles) character file.

Game seed: 16706254092228262236

84 dvd the Magician (level 4, -5/24 HPs)
             Began as a Deep Elf Transmuter on Feb 21, 2019.
             Splashed by a jelly's acid (10 damage)
             ... on level 3 of the Dungeon.
             The game lasted 00:05:37 (2454 turns).

dvd the Magician (Deep Elf Transmuter)              Turns: 2454, Time: 00:05:38

Health: -5/24      AC:  3    Str: 10    XL:     4   Next: 24%
Magic:  2/12       EV: 13    Int: 19    God:
Gold:   131        SH:  0    Dex: 15    Spells: 5/11 levels left

rFire    . . .     SeeInvis .   e - +0 dagger
rCold    . . .     Gourm    .   (no shield)
rNeg     . . .     Faith    .   b - +0 robe
rPois    .         Spirit   .   (no helmet)
rElec    .         Reflect  .   (no cloak)
rCorr    .         Harm     .   (no gloves)
MR       .....                  k - +0 pair of boots
Stlth    +.........             (no amulet)
HPRegen  0.08/turn              j - +3 ring of strength
MPRegen  0.13/turn              f - ring of attention (curse)

@: about to teleport
A: no striking features
a: no special abilities


You were on level 3 of the Dungeon.
You were hungry.

You visited 1 branch of the dungeon, and saw 3 of its levels.

You collected 131 gold pieces.

Inventory:

Hand Weapons
 e - a +0 dagger (weapon)
 o - a +0 short sword
Missiles
 a - 44 arrows
Armour
 b - a +0 robe (worn)
 k - a +0 pair of boots (worn)
 r - a +0 leather armour
Jewellery
 f - a cursed ring of attention (right hand)
 j - a +3 ring of strength (left hand)
Scrolls
 c - a scroll of teleportation
 l - a scroll of remove curse {unknown}
 n - a scroll of enchant armour {unknown}
 p - a scroll of identify
 s - a scroll of noise {unknown}
Potions
 g - 2 potions of curing
 h - 2 potions of mutation {unknown}
 i - 2 potions of haste
 m - a potion of magic {unknown}
Comestibles
 d - a ration
 q - 3 chunks of flesh


   Skills:
 + Level 0.8 Fighting
 + Level 0.3 Short Blades
 + Level 3.1 Dodging
 + Level 1.0 Stealth
 + Level 2.8 Unarmed Combat
 + Level 4.3 Spellcasting
 + Level 2.8 Transmutations
 + Level 0.3 Poison Magic


You had 5 spell levels left.
You knew the following spells:

 Your Spells              Type           Power        Failure   Level  Hunger
a - Beastly Appendage     Tmut           ##....       4%          1    None
b - Sticks to Snakes      Tmut           ##......     6%          2    #......
c - Spider Form           Tmut/Pois      ##........   21%         3    ###....

Your spell library contained the following spells:

 Spells                   Type           Power        Failure   Level  Hunger
 Ice Form                 Ice/Tmut       #.......     58%         4    ####...
 Blade Hands              Tmut           ##........   75%         5    ######.


Dungeon Overview and Level Annotations

Branches:
Dungeon (3/15)

Altars:
Zin

Shops:
D:2 *


Message History

Your ball python is poisoned.
The adder poisons your ball python!
Your ball python bites the adder but does no damage.
Your ball python barely misses the adder.
The adder bites your ball python.
Your ball python closely misses the adder.
Your ball python grabs the adder.
Your ball python constricts the adder.
Your ball python dies!
A jelly comes into view.
The jelly quivers.
Things that are here:
a leather armour; a ration Unknown command.
As you read the scroll of teleportation, it crumbles to dust.
You feel strangely unstable.
Your magical contamination has completely faded away.
The jelly hits you.
* * * LOW HITPOINT WARNING * * *
You are splashed with acid!
You die...

####..##..#.#
#.. #..#.#.#
#. #..#.#.#
#. #†.#.#.#
#..#.#.#
#..#.#.#
#..#h#.#
#..#.#J#
...#.S@#
...#####


You could see a jelly and an adder.

Vanquished Creatures
  2 adders
  2 oozes (D:2)
  2 worms (D:2)
  A ball python (D:2)
  5 giant cockroaches
  4 goblins
  4 hobgoblins
  2 jackals (D:3)
  A kobold (D:1)
  A quokka (D:2)
  2 bats (D:2)
  5 frilled lizards
  4 rats
35 creatures vanquished.

Vanquished Creatures (collateral kills)
  3 adders
3 creatures vanquished.

Grand Total: 38 creatures vanquished

Notes
Turn   | Place    | Note
-------+----------+-------------------------------------------
     0 | D:1      | dvd the Deep Elf Transmuter began the quest for the Orb.
     0 | D:1      | Reached XP level 1. HP: 11/11 MP: 6/6
   724 | D:1      | Reached XP level 2. HP: 5/16 MP: 6/8
   940 | D:1      | Learned a level 2 spell: Sticks to Snakes
  1476 | D:2      | Reached XP level 3. HP: 16/20 MP: 5/10
  1481 | D:2      | Learned a level 3 spell: Spider Form
  1673 | D:2      | Found Zin's Purification Station.
  1674 | D:2      | Found a glowing silver altar of Zin.
  1853 | D:2      | Reached skill level 4 in Spellcasting
  1876 | D:2      | Reached skill level 1 in Stealth
  2423 | D:3      | Reached XP level 4. HP: 20/24 MP: 4/12
  2454 | D:3      | Splashed by a jelly's acid

Skill      XL: |  1  2  3 |
---------------+----------+-----
Dodging        | 3 |  3.1
Spellcasting   | 4 |  4.3
Stealth        | 1 |  1.0
Fighting       | |  0.8
Short Blades   | |  0.3
Unarmed Combat | |  2.8
Transmutations | |  2.8
Poison Magic   | |  0.3

Action                   |  1- 3 |  4- 6 || total
-------------------------+-------+-------++-------
Melee: Dagger            |    66 |       ||    66
       Unarmed           |    56 |     8 ||    64
       Headbutt          |     7 |       ||     7
       Kick              |     3 |       ||     3
 Cast: Beastly Appendage |    10 |       ||    10
       Sticks to Snakes  |     7 |     3 ||    10
       Spider Form       |    13 |       ||    13
  Use: Scroll            |     2 |     1 ||     3
       Potion            |       |     1 ||     1
  Eat: Chunk             |     6 |       ||     6
Armor: Robe              |    16 |       ||    16
       Skin              |     3 |       ||     3
Dodge: Dodged            |    94 |    16 ||   110
